BLB
CAROLINA TOBS @ DENVER BULLS
03/10/2060
 
TOP OF THE 1ST
Carolina Tobs batting - Pitching for Denver Bulls : RHP Jerry Cook
Pitching: RHP Jerry Cook
Batting: SHB Sean Benjamin 0-0: Swinging Strike
0-1: Called Strike
0-2: Foul Ball, location: 2F
0-2: Ball
1-2: Ball
2-2: Ball
3-2: Foul Ball, location: 2F
3-2: Fly out, F8 (Flyball, 78M, EV 89.4 MPH)
Batting: RHB Casey Suggs 0-0: Called Strike
0-1: Called Strike
0-2: Strikes out swinging
Batting: LHB Trent West 0-0: Called Strike
0-1: Swinging Strike
0-2: Ground out 4-3 (Groundball, 4, EV 86.2 MPH)
Top of the 1st over - 0 runs, 0 hits, 0 errors, 0 left on base; Carolina 0 - Denver 0
BOTTOM OF THE 1ST
Denver Bulls batting - Pitching for Carolina Tobs : RHP Joe Hodo
Pitching: RHP Joe Hodo
Batting: RHB Dalton Brown 0-0: Ball
1-0: Ground out 5-3 (Groundball, 5, EV 88.1 MPH)
Batting: LHB Johnathan Wang 0-0: Ball
1-0: Called Strike
1-1: Foul Ball, location: 2F
1-2: Ground out 6-3 (Groundball, 6M, EV 79.4 MPH)
Batting: RHB Chasson Egan 0-0: Foul Ball, location: 2F
0-1: Ground out 5-3 (Groundball, 56, EV 98.8 MPH)
Bottom of the 1st over - 0 runs, 0 hits, 0 errors, 0 left on base; Carolina 0 - Denver 0
TOP OF THE 2ND
Carolina Tobs batting - Pitching for Denver Bulls : RHP Jerry Cook
Batting: LHB Evan Turner 0-0: Swinging Strike
0-1: Called Strike
0-2: Ball
1-2: Ball
2-2: Foul Ball, location: 2F
2-2: Foul Ball, location: 2F
2-2: Foul Ball, location: 2F
2-2: Strikes out looking
Batting: RHB Marcus Fahr 0-0: Ball
1-0: Ball
2-0: Ball
3-0: Foul Ball, location: 2F
3-1: Base on Balls
Batting: LHB Kyle Siebert 0-0: Called Strike
0-1: Fly out, F7 (Flyball, 7S, EV 93.1 MPH)
Batting: RHB Johnathan Shillito 0-0: Called Strike
0-1: Foul Ball, location: 2F
0-2: Strikes out swinging
Top of the 2nd over - 0 runs, 0 hits, 0 errors, 1 left on base; Carolina 0 - Denver 0
BOTTOM OF THE 2ND
Denver Bulls batting - Pitching for Carolina Tobs : RHP Joe Hodo
Batting: RHB Kyle Bruns 0-0: Ball
1-0: SINGLE (Popup, 6D, EV 50.6 MPH)
Batting: LHB Dave Hargrave 0-0: Ball
1-0: Ball
2-0: Called Strike
2-1: Called Strike
2-2: Strikes out swinging
Batting: LHB Vince Ridgway 0-0: Ball
1-0: Called Strike
1-1: Called Strike
1-2: Ball
2-2: SINGLE (Popup, 3D, EV 63.8 MPH)
Kyle Bruns to second
Batting: RHB Odell Mapute 0-0: Ball
1-0: Ball
2-0: Foul Ball, location: 2F
2-1: Foul Ball, location: 2F
2-2: Foul Ball, location: 2F
2-2: Ball
3-2: Foul Ball, location: 2F
3-2: Foul Ball, location: 2F
3-2: Strikes out swinging
Batting: LHB Ollie Snelgrove 0-0: Fielders Choice at 2nd, 6-4 (Groundball, 6, EV 79.4 MPH)
Bottom of the 2nd over - 0 runs, 2 hits, 0 errors, 2 left on base; Carolina 0 - Denver 0
TOP OF THE 3RD
Carolina Tobs batting - Pitching for Denver Bulls : RHP Jerry Cook
Batting: LHB Scott Davila 0-0: Ball
1-0: Ball
2-0: Called Strike
2-1: DOUBLE (Line Drive, 3D, EV 110.6 MPH)
Batting: SHB Shaunte Panteleo 0-0: Ball
1-0: Swinging Strike
1-1: Swinging Strike
1-2: Foul Ball, location: 2F
1-2: Strikes out swinging
Batting: SHB Sean Benjamin 0-0: Foul Ball, location: 2F
0-1: Swinging Strike
0-2: Ball
1-2: Ball
2-2: Ground out 4-3 (Groundball, 4, EV 88.8 MPH)
Scott Davila to third
Pitching: RHP Bradly Renne
Batting: RHB Casey Suggs 0-0: Ball
1-0: Swinging Strike
1-1: Ball
2-1: Foul Ball, location: 2F
2-2: Foul Ball, location: 2F
2-2: Fly out, F7 (Flyball, 78S, EV 90.6 MPH)
Top of the 3rd over - 0 runs, 1 hit, 0 errors, 1 left on base; Carolina 0 - Denver 0
BOTTOM OF THE 3RD
Denver Bulls batting - Pitching for Carolina Tobs : RHP Joe Hodo
Batting: SHB T.J. Carter 0-0: Foul Ball, location: 2F
0-1: Ground out 4-3 (Groundball, 4, EV 84.4 MPH)
Batting: RHB Dalton Brown 0-0: Ball
1-0: SINGLE (Flyball, 5D, EV 86.2 MPH)
Batting: LHB Johnathan Wang 0-0: Ball
1-0: Ball
2-0: Called Strike
2-1: Foul Ball, location: 2F
2-2: Strikes out swinging
Batting: RHB Chasson Egan 0-0: Foul Ball, location: 2F
0-1: Foul Ball, location: 2F
0-2: Ball
1-2: Strikes out swinging
Bottom of the 3rd over - 0 runs, 1 hit, 0 errors, 1 left on base; Carolina 0 - Denver 0
TOP OF THE 4TH
Carolina Tobs batting - Pitching for Denver Bulls : RHP Bradly Renne
Pitching: RHP Mark Myers
Batting: LHB Trent West 0-0: Called Strike
0-1: Foul Ball, location: 2F
0-2: Ground out 4-3 (Groundball, 34, EV 78.8 MPH)
Batting: LHB Evan Turner 0-0: Called Strike
0-1: Ball
1-1: Called Strike
1-2: Strikes out swinging
Batting: RHB Marcus Fahr 0-0: Called Strike
0-1: Fly out, F7 (Line Drive, 7LS, EV 95.0 MPH)
Top of the 4th over - 0 runs, 0 hits, 0 errors, 0 left on base; Carolina 0 - Denver 0
BOTTOM OF THE 4TH
Denver Bulls batting - Pitching for Carolina Tobs : RHP Joe Hodo
Batting: RHB Kyle Bruns 0-0: Ball
1-0: Ball
2-0: Swinging Strike
2-1: Ground out 4-3 (Groundball, 4, EV 87.5 MPH)
Batting: LHB Dave Hargrave 0-0: Ball
1-0: Called Strike
1-1: Ball
2-1: Swinging Strike
2-2: Strikes out swinging
Batting: LHB Vince Ridgway 0-0: Called Strike
0-1: SINGLE (Groundball, 56S, EV 68.1 MPH) (infield hit)
Batting: RHB Odell Mapute 0-0: Ball
1-0: Ball
2-0: Ball
3-0: Fly out, F8 (Flyball, 89M, EV 83.8 MPH)
Bottom of the 4th over - 0 runs, 1 hit, 0 errors, 1 left on base; Carolina 0 - Denver 0
TOP OF THE 5TH
Carolina Tobs batting - Pitching for Denver Bulls : RHP Mark Myers
Pitching: RHP Webb Martinez
Batting: LHB Kyle Siebert 0-0: Called Strike
0-1: Foul Ball, location: 2F
0-2: Foul Ball, location: 2F
0-2: Ball
1-2: Foul Ball, location: 2F
1-2: Ball
2-2: Ground out 3-1 (Groundball, 34, EV 82.5 MPH)
Batting: RHB Johnathan Shillito 0-0: Called Strike
0-1: Ball
1-1: Ground out 6-3 (Groundball, 6, EV 101.2 MPH)
Batting: LHB Scott Davila 0-0: Called Strike
0-1: Ball
1-1: Fly out, F7 (Flyball, 7, EV 81.2 MPH)
Top of the 5th over - 0 runs, 0 hits, 0 errors, 0 left on base; Carolina 0 - Denver 0
BOTTOM OF THE 5TH
Denver Bulls batting - Pitching for Carolina Tobs : RHP Joe Hodo
Pitching: RHP Lyman Zarate
Batting: LHB Ollie Snelgrove 0-0: Called Strike
0-1: Ball
1-1: Ball
2-1: DOUBLE (Line Drive, 9LM, EV 90.0 MPH)
Batting: SHB T.J. Carter 0-0: Ball
1-0: Fly out, F7 (Flyball, 7, EV 94.4 MPH)
Batting: RHB Dalton Brown 0-0: Ball
1-0: Called Strike
1-1: Ball
2-1: Ball
3-1: Foul Ball, location: 2F
3-2: SINGLE (Groundball, 25, EV 62.5 MPH) (infield hit)
Ollie Snelgrove to third
Pinch Hitting: RHB Lambert Howard 0-0: Called Strike
0-1: Ball
1-1: Called Strike
1-2: Fly out, F5 (Line Drive, 5L, EV 75.6 MPH)
Batting: RHB Chasson Egan 0-0: Swinging Strike
0-1: Foul Ball, location: 2F
0-2: Ball
1-2: Ball
2-2: Ball
3-2: Foul Ball, location: 2F
3-2: DOUBLE (Flyball, 89XD, EV 107.5 MPH)
Ollie Snelgrove scores
Dalton Brown to third
Dalton Brown scores
Batting: RHB Kyle Bruns 0-0: Ground out 6-3 (Groundball, 6, EV 103.1 MPH)
Bottom of the 5th over - 2 runs, 3 hits, 0 errors, 1 left on base; Carolina 0 - Denver 2
TOP OF THE 6TH
Carolina Tobs batting - Pitching for Denver Bulls : RHP Webb Martinez
Pitching: RHP Devin White
Now in LF: Devin Mastroianni
Now in CF: Mandela Faruq
Batting: SHB Shaunte Panteleo 0-0: Ball
1-0: Called Strike
1-1: Called Strike
1-2: Ball
2-2: Ball
3-2: Ground out 5-3 (Groundball, 56, EV 84.4 MPH)
Pinch Hitting: SHB Tommy Pettyjohn 0-0: Called Strike
0-1: Ball
1-1: Ball
2-1: Ground out U3 (Groundball, 34, EV 83.1 MPH)
Pinch Hitting: RHB Rykeem Potts 0-0: Ball
1-0: Ball
2-0: Foul Ball, location: 2F
2-1: Foul Ball, location: 2F
2-2: Ball
3-2: Base on Balls
Batting: LHB Clay Newhouse 0-0: Called Strike
0-1: SINGLE (Groundball, 6MD, EV 94.4 MPH)
Rykeem Potts to second
Pinch Hitting: LHB Spencer DeSimone 0-0: Ball
1-0: SINGLE (Groundball, 4MD, EV 95.6 MPH)
Rykeem Potts to third
Clay Newhouse to second
Runner from 3rd tries for Home, SAFE, throw by CF to home
Batting: RHB Marcus Fahr 0-0: Called Strike
0-1: Ball
1-1: Foul Ball, location: 2F
1-2: Ball
2-2: Foul Ball, location: 2F
2-2: Foul Ball, location: 2F
2-2: Fly out, F9 (Flyball, 9D, EV 107.5 MPH)
Top of the 6th over - 1 run, 2 hits, 0 errors, 2 left on base; Carolina 1 - Denver 2
BOTTOM OF THE 6TH
Denver Bulls batting - Pitching for Carolina Tobs : RHP Lyman Zarate
Now at C: Obie Biggs
Now at 2B: Rykeem Potts
Now at 3B: Tommy Pettyjohn
Now at SS: Marcus Fahr
Now in CF: Spencer DeSimone
Pinch Hitting: LHB Michael Hughes 0-0: Ball
1-0: Ball
2-0: Ball
3-0: Called Strike
3-1: Called Strike
3-2: Fly out, F7 (Flyball, 78M, EV 83.8 MPH)
Pinch Hitting: RHB Kelvin Knox 0-0: Swinging Strike
0-1: Ball
1-1: Ground out U3 (Groundball, 34S, EV 79.4 MPH)
Pinch Hitting: SHB Sage Reinisch 0-0: Ball
1-0: Foul Ball, location: 2F
1-1: Ball
2-1: Ball
3-1: Foul Ball, location: 2F
3-2: Base on Balls
Batting: LHB Ollie Snelgrove 0-0: Ball
1-0: Swinging Strike
1-1: SINGLE (Groundball, 34D, EV 96.9 MPH)
Sage Reinisch to second
Runner from 2nd tries for 3rd, SAFE, no throw by RF
Batting: RHB Devin Mastroianni 0-0: Ball
1-0: Ball
2-0: Fielders Choice at 2nd, 5-4 (Groundball, 56, EV 90.0 MPH)
Bottom of the 6th over - 0 runs, 1 hit, 0 errors, 2 left on base; Carolina 1 - Denver 2
TOP OF THE 7TH
Carolina Tobs batting - Pitching for Denver Bulls : RHP Devin White
Pitching: LHP Harvey Owens
Now at 1B: Michael Hughes
Now at SS: Sage Reinisch
Now in RF: Kelvin Knox
Batting: LHB Kyle Siebert 0-0: Swinging Strike
0-1: Fly out, F8 (Flyball, 8RM, EV 86.9 MPH)
Batting: RHB Johnathan Shillito 0-0: Ball
1-0: Fly out, F9 (Line Drive, 9LM, EV 102.5 MPH)
Batting: LHB Scott Davila 0-0: Foul Ball, location: 2F
0-1: Ball
1-1: Foul Ball, location: 2F
1-2: Strikes out swinging
Top of the 7th over - 0 runs, 0 hits, 0 errors, 0 left on base; Carolina 1 - Denver 2
BOTTOM OF THE 7TH
Denver Bulls batting - Pitching for Carolina Tobs : RHP Lyman Zarate
Pitching: RHP Dalton Blair
Pinch Hitting: RHB Liam Gill 0-0: Ball
1-0: Foul Ball, location: 2F
1-1: Foul Ball, location: 2F
1-2: Strikes out swinging
Batting: LHB Mandela Faruq 0-0: Called Strike
0-1: Called Strike
0-2: Ground out 5-3 (Groundball, 5S, EV 89.4 MPH)
Batting: LHB Ozzie Young 0-0: Foul Ball, location: 2F
0-1: Swinging Strike
0-2: Strikes out swinging
Bottom of the 7th over - 0 runs, 0 hits, 0 errors, 0 left on base; Carolina 1 - Denver 2
TOP OF THE 8TH
Carolina Tobs batting - Pitching for Denver Bulls : LHP Harvey Owens
Pitching: LHP Colby Saunders
Now at 2B: Sage Reinisch
Now at SS: Liam Gill
Batting: LHB Obie Biggs 0-0: Swinging Strike
0-1: Ball
1-1: Foul Ball, location: 2F
1-2: Strikes out swinging
Batting: SHB Tommy Pettyjohn 0-0: Ball
1-0: Foul Ball, location: 2F
1-1: Ball
2-1: Fly out, F7 (Line Drive, 7, EV 96.9 MPH)
Batting: RHB Rykeem Potts 0-0: Ball
1-0: Fly out, F7 (Flyball, 7D, EV 105.6 MPH)
Top of the 8th over - 0 runs, 0 hits, 0 errors, 0 left on base; Carolina 1 - Denver 2
BOTTOM OF THE 8TH
Denver Bulls batting - Pitching for Carolina Tobs : RHP Dalton Blair
Pitching: RHP Daquein Kim
Pinch Hitting: LHB Eaton Duda 0-0: Ball
1-0: Foul Ball, location: 2F
1-1: Ball
2-1: Swinging Strike
2-2: Foul Ball, location: 2F
2-2: Ball
3-2: Strikes out looking
Batting: LHB Michael Hughes 0-0: Ball
1-0: Called Strike
1-1: Foul Ball, location: 2F
1-2: Ball
2-2: Fly out, F7 (Flyball, 7, EV 92.5 MPH)
Pitching: RHP Dale Charlesworth
Batting: RHB Kelvin Knox 0-0: Foul Ball, location: 2F
0-1: Ball
1-1: Foul Ball, location: 2F
1-2: Foul Ball, location: 2F
1-2: Foul Ball, location: 2F
1-2: Ball
2-2: Foul Ball, location: 2F
2-2: Strikes out swinging, 2-3 out at first.
Bottom of the 8th over - 0 runs, 0 hits, 0 errors, 0 left on base; Carolina 1 - Denver 2
TOP OF THE 9TH
Carolina Tobs batting - Pitching for Denver Bulls : LHP Colby Saunders
Pitching: RHP Rickie Guerreiro
Now at 3B: Eaton Duda
Batting: LHB Clay Newhouse 0-0: Fly out, F9 (Flyball, 9D, EV 100.6 MPH)
Batting: LHB Spencer DeSimone 0-0: Ball
1-0: Ball
2-0: Foul Ball, location: 2F
2-1: Ground out 2-3 (Groundball, 2L, EV 70.0 MPH)
Batting: RHB Marcus Fahr 0-0: Ball
1-0: Called Strike
1-1: Foul Ball, location: 2F
1-2: Strikes out looking
Top of the 9th over - 0 runs, 0 hits, 0 errors, 0 left on base; Carolina 1 - Denver 2
Wednesday, April 17th , 2024 - OOTP Baseball 23.10 Build 110